AoeStats
← yvetteabernathydam

Coastal Forest

510895438Analyzed
2v2 RM · 11h ago on Oct 3, 2026· 30m 27s· 4 players
Game mode
Random Map
Map size
Medium (4 player)
Population
200
Speed
Normal
Resources
Standard
Victory
Conquest
Starting age
Dark Age
Ending age
Imperial Age
RankedLock teamsTeams togetherTeam positionsShared explorationLock speedFull tech treeHidden civsTurbo modeCheats
Victory
Defeat
🇨🇳 Cumans · China
1219
+33
🇨🇦 Spanish · Canada
1190
+14
🇨🇱 Magyars · Chile
1289
-19
🇨🇱 Britons · Chile
1006
-8
Nhitty
11:53 Feudal Age
11:37 Loom
15:43 Castle Age
14:54 Stone Mining
20:27 Fishing Lines
30:30 Imperial Age
yvetteabernathydam
6:07 Loom
8:50 Feudal Age
9:25 Double-Bit Axe
12:15 Horse Collar
21:08 Castle Age
19:28 Gold Mining
20:09 Forging
21:22 Scale Barding Armor
22:35 Heavy Plow
NPG EL POLLA RECORDS
6:25 Loom
8:57 Feudal Age
9:38 Double-Bit Axe
15:18 Horse Collar
20:49 Castle Age
NPG | NUNCAPUEDOGANAR
2:12 Loom
10:32 Feudal Age
13:10 Double-Bit Axe
15:45 Fletching
21:10 Castle Age
Connection lost

Rejoining the realm…

Still unreachable

The connection could not be restored.

Session expired

The server has moved on; the page needs a fresh start.